 Dungeon Crawl Stone Soup version 0.23-a0-726-g9fa1570 (console) character file.

2909 Duffy the Cleaver (level 9, -4/75 HPs)
             Began as a Naga Fighter on Jan 16, 2019.
             Was an Initiate of Gozag.
             Splashed by an acid dragon's acid (11 damage)
             ... on level 6 of the Dungeon.
             The game lasted 00:14:28 (6415 turns).

Duffy the Cleaver (Naga Fighter)                    Turns: 6415, Time: 00:14:29

Health: -4/75      AC: -2    Str: 21    XL:     9   Next: 78%
Magic:  13/13      EV: 12    Int:  8    God:    Gozag
Gold:   769        SH: 11    Dex: 12    Spells: 8/8 levels left

rFire    . . .     SeeInvis +   p - +1 war axe (vamp)
rCold    . . .     Gourm    .   c - +0 shield
rNeg     . . .     Faith    .   t - +0 troll leather armour {Purgy}
rPois    +         Spirit   .   (no helmet)
rElec    .         Reflect  .   (no cloak)
rCorr    .         Harm     .   (no gloves)
MR       +....                  (no barding)
Stlth    +.........             (no amulet)
HPRegen  0.62/turn              z - +4 ring of evasion
MPRegen  0.13/turn              (no ring)

@: corroded, very slow
A: large, see invisible, deformed body, poison resistance, slowness 2, slow
metabolism 1, spit poison 1, AC +3
a: Spit Poison, Potion Petition, Call Merchant, Bribe Branch, Renounce Religion


You were on level 6 of the Dungeon.
You worshipped Gozag.
Gozag was pleased with you.
You were not hungry.

You visited 2 branches of the dungeon, and saw 9 of its levels.
You also visited: Sewer, Ossuary and Bailey.

You collected 1130 gold pieces.
You spent 271 gold pieces at shops.
You paid 90 gold pieces to Gozag.

Inventory:

Hand Weapons
 a - a +0 war axe
 j - a +0 blowgun
 n - a +1 dagger of electrocution
 p - a +1 vampiric war axe (weapon)
Missiles
 r - a javelin of returning (quivered)
Armour
 b - a +0 scale mail
 c - a +0 shield (worn)
 t - a +0 troll leather armour (worn) {Purgy}
 y - a +1 leather armour of cold resistance
 F - a +3 ring mail
Jewellery
 z - a +4 ring of evasion (left hand)
Wands
 x - a wand of scattershot (1)
Scrolls
 e - 2 scrolls of magic mapping {unknown}
 g - 2 scrolls of enchant weapon {unknown}
 h - 10 scrolls of identify {unknown}
 i - 2 scrolls of fog {unknown}
 l - 2 scrolls of fear {unknown}
 o - 3 scrolls of blinking
 q - a scroll of amnesia {unknown}
 s - 5 scrolls of teleportation {unknown}
 w - a scroll of immolation {unknown}
 A - a scroll of enchant armour {unknown}
Potions
 d - 2 potions of ambrosia {unknown}
 k - 3 potions of haste {unknown}
 m - 5 potions of curing {unknown}
 u - 4 potions of flight {unknown}
 v - a potion of heal wounds {unknown}
 B - 3 potions of might
 C - a potion of magic {unknown}
 D - 2 potions of brilliance {unknown}
 E - a potion of degeneration {unknown}
 G - 2 potions of cancellation {unknown}
 H - a potion of agility {unknown}
Comestibles
 f - 11 rations


   Skills:
 - Level 3.0 Fighting
 + Level 8.7 Axes
 - Level 2.4 Armour
 + Level 7.5 Shields
 + Level 5.6 Evocations


You had 8 spell levels left.
You didn't know any spells.
Your spell library contained the following spells:

 Spells                   Type           Power        Failure   Level  Hunger
 Flame Tongue             Conj/Fire      #....        56%         1    ##.....
 Throw Flame              Conj/Fire      #.....       71%         2    ###....
 Conjure Flame            Conj/Fire      #.......     91%         3    ####...
 Inner Flame              Hex/Fire       #.......     91%         3    ####...
 Sticky Flame             Conj/Fire      #.......     100%        4    #####..
 Fireball                 Conj/Fire      #.........   100%        5    ######.


Dungeon Overview and Level Annotations

Branches:
Dungeon (8/15)             Temple (1/1) D:5
   Lair: D:8-11

Altars:
Ashenzari
Cheibriados
Dithmenos
Elyvilon
Fedhas
Gozag
Hepliaklqana
Makhleb
Nemelex Xobeh
Okawaru
Qazlal
Ru
Sif Muna
Trog
Uskayaw
Vehumet
Wu Jian
Xom
Yredelemnul
Zin
The Shining One

Shops:
D:5 *=}*(

Annotations:
D:5 1 exclusion


Innate Abilities, Weirdness & Mutations

You cannot wear boots.
Your serpentine skin is tough. (AC +3)
You have supernaturally acute eyesight. (SInv)
Armour fits poorly on your strangely shaped body.
Your system is resistant to poisons. (rPois)
You cover ground very slowly.
You have a slow metabolism.
You can spit poison.


Message History

The acid dragon bites you!
The acid dragon claws you but does no damage.
You are too injured to fight recklessly!
You are too injured to fight recklessly!
You are too injured to fight recklessly!
You are too injured to fight recklessly!
You are too injured to fight recklessly!
You are too injured to fight recklessly!
You are too injured to fight recklessly!
You are too injured to fight recklessly!
You are too injured to fight recklessly!
You barely miss the acid dragon. The acid dragon spits acid at you.
The splash of acid hits you!
You are splashed with acid!
The acid burns!
You closely miss the acid dragon. The acid dragon spits acid at you.
The splash of acid hits you! The acid corrodes you!
You are splashed with acid!
The acid burns!
You die...
Your body crumbles into a pile of gold.

......# #..........
.#
.####.###.########
..........#
.#####..### ## #..#
# #.<# .. # #..# ..
#
#..################
.. #
#...........@D....##
.## #
#.###############.#.
#.## # #....# #.#.
#..# # ####.######
#.#.###..## #
##........#
#.........#
##..#......#
###.......#
##..###.....#
##......#
##..##.##....#
#.#.##.#
##..##...##...#
#.#.##.####


You could see an acid dragon.

Vanquished Creatures
  Grinder (D:3)
  Sigmund (D:3)
  A wyvern (D:8)
  A steam dragon (D:7)
  Duvessa (D:6)
  Purgy (Sewer)
  2 orc warriors
  2 sky beasts
  A black bear (D:6)
  An ogre (D:5)
  3 centaurs (D:7)
  4 bullfrogs
  3 scorpions (D:5)
  Dowan (D:6)
  A wight (D:7)
  A crimson imp (D:8)
  A hound (D:5)
  2 orc priests
  A centaur skeleton (D:4)
  2 jellies
  A bullfrog skeleton (D:7)
  Ijyb (D:4)
  2 orc wizards
  4 worker ants
  2 big kobold zombies (Ossuary)
  10 mummies
  A howler monkey skeleton (D:5)
  7 adders
  An adder skeleton (D:7)
  3 adder zombies
  2 worms (D:3)
  4 dart slugs
  9 leopard geckos
  15 orcs
  4 giant cockroaches
  12 goblins
  10 hobgoblins
  5 jackals
  11 kobolds
  2 quokkas
  4 ball pythons
  10 bats
  13 frilled lizards
  A giant cockroach zombie (D:6)
  3 hobgoblin zombies (Ossuary)
  A kobold zombie (Ossuary)
  2 orc zombies (Ossuary)
  A rat (D:1)
172 creatures vanquished.

Vanquished Creatures (others)
  A minotaur (D:1)
  An octopode (D:1)
  A vine stalker (D:1)
  A troll (D:1)
  2 humans (D:1)
  A centaur (D:1)
  4 mummies (D:1)
  A kobold (D:1)
  4 tentacles (D:1)
16 creatures vanquished.

Grand Total: 188 creatures vanquished

Notes
Turn   | Place    | Note
-------+----------+-------------------------------------------
     0 | D:1      | Duffy the Naga Fighter began the quest for the Orb.
     0 | D:1      | Reached XP level 1. HP: 21/21 MP: 1/1
     0 | D:1      | Noticed a minotaur
     0 | D:1      | Noticed a centaur
     0 | D:1      | Noticed a human
     0 | D:1      | Noticed a kraken
     0 | D:1      | Noticed a vine stalker
     0 | D:1      | Noticed a troll
     0 | D:1      | Noticed an octopode
     0 | D:1      | Noticed a human
     4 | D:1      | Killed a vine stalker
     5 | D:1      | Killed a troll
     8 | D:1      | Killed an octopode
     8 | D:1      | Killed a centaur
     9 | D:1      | Killed a human
     9 | D:1      | Killed a human
    10 | D:1      | Killed a minotaur
    20 | D:1      | Reached XP level 2. HP: 13/28 MP: 2/2
  1014 | D:2      | Reached XP level 3. HP: 34/34 MP: 3/3
  1098 | D:2      | Found an iron altar of Okawaru.
  1159 | D:2      | Reached skill level 3 in Axes
  1166 | D:2      | Reached XP level 4. HP: 24/42 MP: 4/4
  1607 | D:2      | Found a deep blue altar of Sif Muna.
  2097 | D:3      | Noticed Grinder
  2106 | D:3      | Killed Grinder
  2106 | D:3      | Reached skill level 4 in Axes
  2106 | D:3      | Reached XP level 5. HP: 21/49 MP: 5/5
  2106 | D:3      | Reached XP level 6. HP: 24/56 MP: 6/6
  2192 | D:3      | Noticed Sigmund
  2269 | D:3      | Killed Sigmund
  2269 | D:3      | Reached skill level 5 in Axes
  2269 | D:3      | Reached XP level 7. HP: 27/62 MP: 7/7
  2376 | D:3      | Found a glowing drain.
  2380 | Sewer    | Entered a sewer
  2508 | Sewer    | Noticed Purgy
  2517 | Sewer    | Killed Purgy
  2517 | Sewer    | Reached skill level 5 in Shields
  3296 | D:4      | Reached skill level 6 in Axes
  3478 | D:4      | Found a sparkling altar of Nemelex Xobeh.
  3519 | D:4      | Noticed Ijyb
  3527 | D:4      | Killed Ijyb
  3894 | D:5      | Entered Level 5 of the Dungeon
  3998 | D:5      | Found Noabb's Gadget Boutique.
  4010 | D:5      | Found a staircase to the Ecumenical Temple.
  4066 | Temple   | Entered the Ecumenical Temple
  4190 | Temple   | Became a worshipper of Gozag Ym Sagoz the Greedy
  4302 | D:5      | Found a hide-covered altar of Uskayaw.
  4306 | D:5      | Found a snail-covered altar of Cheibriados.
  4313 | D:5      | Reached XP level 8. HP: 56/69 MP: 8/8
  4351 | D:5      | Found Zidiz's Assorted Antiques.
  4429 | D:5      | Reached skill level 1 in Evocations
  4456 | D:5      | Bought a runed war axe for 169 gold pieces
  4740 | D:5      | Found a stormy altar of Qazlal.
  4761 | D:5      | Found Zat Uffoguith's Weapon Emporium.
  4808 | D:5      | Found Jogy's Jewellery Emporium.
  4943 | D:5      | Found Umoaf's General Store.
  4946 | D:5      | Bought a scroll of blinking for 90 gold pieces
  4946 | D:5      | Bought a scroll of noise for 12 gold pieces
  5072 | D:6      | Reached skill level 7 in Axes
  5084 | D:6      | Noticed Dowan
  5086 | D:6      | Noticed Duvessa
  5096 | D:6      | Killed Dowan
  5098 | D:6      | Killed Duvessa
  5111 | D:6      | Found a sand-covered staircase.
  5117 | Ossuary  | Entered an ossuary
  5437 | D:6      | Reached XP level 9. HP: 75/75 MP: 11/11
  5591 | D:6      | Found a shadowy altar of Dithmenos.
  5591 | D:6      | Found a radiant altar of Vehumet.
  5733 | D:6      | You fall through a shaft for 2 floors!
  5747 | D:8      | Reached skill level 8 in Axes
  5881 | D:7      | Reached skill level 5 in Evocations
  5994 | D:7      | Found a flagged portal.
  6016 | Bailey   | Entered a bailey
  6415 | D:6      | Splashed by an acid dragon's acid

Vault maps used:
D:1:      nicolae_arrival_kraken_aquarium_a
D:2:      led_sif_pool, okawaru_ov_weapons_minmay, minmay_lizard_king
D:3:      gup_sewer_entry_bowl, chequers_jeans, uniq_sigmund, uniq_grinder
D:4:      marbit_many_paths, uniq_ijyb
D:5:      old_forge, grunt_qazlal_sundering, slow_altar_1, old_standard_altar,
          minmay_temple_entry_butterflies, first_ration, serial_shops, shop,
          kennysheep_mini_moat, shop, nicolae_shop_stone,
          nicolae_shop_behind_doors, kennysheep_nub
D:6:      grunt_temple_overflow_open, gup_ossuary_entry_pyramid, uniq_duvessa
D:7:      enter_bailey_3, minmay_misc_feat_nine_boxes, kennysheep_another_room
Temple:   dshaligram_water_room_temple
Sewer:    sewer_co_purgy_island
Ossuary:  ossuary_tomb_3
Bailey:   bailey_polearm_flooded_kennysheep, bailey

Skill      XL: |  1  2  3  4  5  6  7  8  9 |
---------------+----------------------------+-----
Shields        | 3 4 5 6 7 |  7.5
Axes           | 3 4 5 6 7 8 |  8.7
Evocations     | 3 5 |  5.6
Fighting       | |  3.0
Armour         | |  2.4

Action                   |  1- 3 |  4- 6 |  7- 9 || total
-------------------------+-------+-------+-------++-------
Melee: War axe           |    84 |    82 |   345 ||   511
       Dagger            |       |    19 |     9 ||    28
 Abil: Spit Poison       |       |     1 |     3 ||     4
Evoke: Wand              |       |       |    16 ||    16
  Use: Potion            |       |       |     1 ||     1
 Stab: Paralysed         |       |       |     9 ||     9
  Eat: Chunk             |       |     3 |     6 ||     9
       Ration            |       |       |     4 ||     4
Armor: Scale mail        |    52 |    56 |    13 ||   121
       Troll leather arm |       |       |    65 ||    65
Dodge: Dodged            |    30 |    30 |   141 ||   201
Block: Shield            |    70 |    81 |   234 ||   385

Table legend:
 A = Non-vault XP
 B = Vault XP
 C = Vault XP percentage of total XP
 D = Non-vault monster count
 E = Vault monster count
 F = Vault count percentage of total count
                 A         B        C        D         E       F
            +---------+---------+-------+---------+---------+-------
      Total |    2736 |    1421 |  34.2 |     123 |      49 |  28.5
            +---------+---------+-------+---------+---------+-------
        D:1 |      29 |       0 |   0.0 |      16 |       0 |   0.0
        D:2 |      84 |       8 |   8.7 |      30 |       6 |  16.7
        D:3 |      31 |     536 |  94.5 |      15 |       4 |  21.1
        D:4 |     233 |      36 |  13.4 |       9 |       1 |  10.0
        D:5 |     225 |     227 |  50.2 |      10 |       5 |  33.3
        D:6 |     715 |     229 |  24.3 |      16 |       3 |  15.8
        D:7 |    1064 |       8 |   0.7 |      23 |       4 |  14.8
        D:8 |     355 |       0 |   0.0 |       4 |       0 |   0.0
      Sewer |       0 |     169 | 100.0 |       0 |       8 | 100.0
    Ossuary |       0 |     202 | 100.0 |       0 |      16 | 100.0
     Bailey |       0 |       6 | 100.0 |       0 |       2 | 100.0
            +---------+---------+-------+---------+---------+-------
